Satoshi, lawful male human Samurai ----- --....| |.....- |..<... ---.... -... --... ---.. |..*- |)--- %.| Satoshi the Ronin Experience level: 4 Strength: 12 Dexterity: 17 Constitution: 18 Intelligence: 10 Wisdom: 10 Charisma: 8 Health: 0(47) Energy: 21(21) Def: 6 Gold: 715 Moves: 1666 Dungeon seed: _NvSr-0Yk8MuCA3q Game ID: Satoshi_1528270122 Your Inventory: Coins $ - 715 gold pieces Weapons a - an uncursed +0 katana (weapon in hand) b - an uncursed +0 wakizashi c - an uncursed +0 yumi (alternate weapon; not wielded) d - 36 uncursed +0 ya (in quiver) Armor n - a cursed -1 pair of fumble boots named c t - an uncursed rustproof +0 splint mail (being worn) y - an uncursed +0 dwarvish cloak z - an uncursed +0 dwarvish iron helm N - an uncursed +0 dwarvish mithril-coat Y - an uncursed +0 pair of iron shoes Comestibles g - 2 uncursed gunyoki j - 2 uncursed tripe rations m - an uncursed cream pie Scrolls f - an uncursed scroll of identify h - 2 uncursed scrolls of confuse monster i - 2 uncursed scrolls of teleportation Potions k - an uncursed potion of gain ability o - an uncursed potion of levitation r - an uncursed potion of object detection u - a potion of unholy water v - an uncursed potion of healing Rings q - a cursed ring of teleportation Tools e - an uncursed skeleton key Spells and supernatural/magical abilities: Name Level Category Fail Memory c - cause fear 3 enchantment 100% 100% W - pray for help -- divine ? -- Your skills at the end: Fighting Skills martial arts [Basic] Weapon Skills short sword [Basic] long sword [Basic] bow [Basic] Spellcasting Skills Final Attributes: You were piously aligned. You were blinded. You were fast. You are dead. Vanquished creatures: an imp a giant ant a little dog a dwarf an iguana a large kobold 2 cave spiders 3 yellow molds 2 gnomes a gnome zombie a gecko 2 jackals a goblin 2 sewer rats a grid bug 2 kobold zombies 7 newts 30 creatures vanquished. Voluntary challenges: You were an atheist. You used a wielded weapon 36 times, starting on turn 35. You read items or engraved 7 times, starting on turn 1498. You never genocided any monsters. You never polymorphed an object. You never changed form. You used no wishes. You never split a pudding. You never wrote Elbereth's name. You never violated your personal moral code. Dungeon overview: The Dungeons of Doom: levels 1 to 6 Level 1 a fountain a long staircase Level 2 a delicatessen Level 3 a fountain Level 4 stairs to The Gnomish Mines Level 5 some fountains Level 6 The Gnomish Mines: Level 5 <- You were here stairs to The Dungeons of Doom History has recorded: On T:1 you entered the Dungeons of Doom to retrieve the Amulet of Yendor! On T:337 you reached level 2 of The Dungeons of Doom. On T:621 you reached level 3 of The Dungeons of Doom. On T:844 you reached level 4 of The Dungeons of Doom. On T:1007 you advanced to experience level 2. On T:1039 you reached level 5 of The Dungeons of Doom. On T:1311 you reached level 6 of The Dungeons of Doom. On T:1411 you advanced to experience level 3. On T:1640 you reached level 1 of The Gnomish Mines. On T:1658 you advanced to experience level 4. Score breakdown: Gold: 715 ( 9711 points) Experience: 4 levels ( 9649 points) Exploration: 6 levels ( 12.24%) ( 9682 points) Discoveries: 1 item ( 0.41%) ( 1912 points) Valuables value: (no points given unless you survive) Artifact value: 0 ( 0 points) Variety of kills: 17 monsters ( 4.46%) ( 6336 points) Turncount: 1666 turns ( 0 points) Survival: died (score multiplied by 80%) Total score: 29832 Latest messages: You hear some noises. You displace Yermak. $ - 17 gold pieces. There are several more objects here. You kill the gnome! y - a dwarvish cloak. You have a little trouble lifting z - a dwarvish iron helm. You have a little trouble lifting N - a dwarvish mithril-coat. You have a little trouble lifting Y - a pair of iron shoes. Your movements are slowed slightly because of your load. You stop. Yermak is in the way! You hear a nearby zap. Yermak is killed by the bolt of lightning! The bolt of lightning bounces! (3x) You hear a nearby zap. The bolt of lightning hits you! You are blinded by the flash! The bolt of lightning bounces! The bolt of lightning hits you! Your wand called directional hexagonal breaks apart and explodes! You die... Final status: Sayonara Satoshi the Samurai, killed by a bolt of lightning... You died in The Gnomish Mines on dungeon level 5 with 29832 points, and 715 pieces of gold, after 1666 moves. You were level 4 with a maximum of 47 hit points when you died.